 Dungeon Crawl Stone Soup version 0.29.1-12-g30fa7ad0bf (webtiles) character file.

Game seed: 96360267959995969

68 fantasyman the Shield-Bearer (level 4, -1/41 HPs)
             Began as a Gnoll Fighter on Jan 5, 2023.
             Slain by Grinder (4 damage)
             ... on level 3 of the Dungeon.
             The game lasted 00:04:11 (2506 turns).

fantasyman the Shield-Bearer (Gnoll Fighter)        Turns: 2506, Time: 00:04:11

Health: -1/41      AC: 13    Str: 15 (17) XL:     4   Next: 19%
Magic:  5/5        EV:  6    Int:  5 (8)  God:
Gold:   133        SH:  5    Dex: 10 (11) Spells: 5/5 levels left

rFire   . . .      SeeInvis .   a - +0 war axe (freeze)
rCold   . . .      Faith    .   c - +0 buckler
rNeg    . . .      Spirit   .   f - +0 chain mail
rPois   +          Reflect  .   (no helmet)
rElec   .          Harm     .   (no cloak)
rCorr   .          Rampage  .   j - +2 pair of gloves
Will    .....                   (no boots)
Stlth   ..........              (no amulet)
HPRegen 0.13/turn               g - ring of poison resistance
MPRegen 0.09/turn               (no ring)

@: hasted, very quick
A: fangs 1, strong nose, distributed training
a: no special abilities


You were on level 3 of the Dungeon.
You visited 1 branch of the dungeon, and saw 3 of its levels.

You collected 133 gold pieces.

Inventory:

Hand Weapons
 a - a +0 war axe of freezing (weapon)
Armour
 c - a +0 buckler (worn)
 f - a +0 chain mail (worn)
 j - a +2 pair of gloves (worn)
Jewellery
 g - a ring of poison resistance (left hand)
Scrolls
 e - a scroll of identify
 h - a scroll of fear
 l - 3 scrolls of poison
Potions
 d - 2 potions of might
 i - 4 potions of curing
 m - a potion of heal wounds
 q - 2 potions of haste


   Skills:
 + Level 6.6 Fighting
 + Level 1.1 Short Blades
 + Level 1.1 Long Blades
 + Level 4.6 Axes
 + Level 1.1 Maces & Flails
 + Level 1.1 Polearms
 + Level 1.1 Staves
 + Level 1.1 Ranged Weapons
 + Level 1.1 Throwing
 + Level 6.6 Armour
 + Level 1.1 Dodging
 + Level 1.1 Stealth
 + Level 6.6 Shields
 + Level 1.1 Unarmed Combat
 + Level 1.1 Spellcasting
 + Level 0.8 Conjurations
 + Level 0.8 Hexes
 + Level 0.8 Summonings
 + Level 0.8 Necromancy
 + Level 0.8 Translocations
 + Level 0.8 Transmutations
 + Level 0.8 Fire Magic
 + Level 0.8 Ice Magic
 + Level 0.8 Air Magic
 + Level 0.8 Earth Magic
 + Level 0.8 Poison Magic
 + Level 1.2 Invocations
 + Level 1.1 Evocations


You had 5 spell levels left.
You didn't know any spells.
Your spell library was empty.

Dungeon Overview and Level Annotations

Branches:
Dungeon (3/15)

Altars:

Shops:
D:2 *   D:3 (

Annotations:
D:3 Grinder


Innate Abilities, Weirdness & Mutations

You have very sharp teeth.
Your uncanny sense of smell can sniff out nearby items.
Your experience applies equally to all skills.


Message History

You hit Grinder.
Grinder is heavily wounded.
Grinder blinks!
It was a potion of magic.
Magic courses through your body.
Grinder drinks a potion.
Grinder is healed!
It was a potion of haste.
You feel yourself speed up.
Grinder is nearby!
As you read the scroll labelled VUFOUCZ IRGHAI, it crumbles to dust.
Wisps of shadow whirl around you...
It was a scroll of summoning.
As you read the scroll labelled DIUCIR TAAMICW, it crumbles to dust.
It is a scroll of brand weapon.
Your +0 war axe is covered with a thin layer of ice!
a - a +0 war axe of freezing (weapon)
There are no items here.
Grinder blinks!
Your transformation is almost over.
Your kobold hits Grinder with a +0 dagger.
Grinder gestures at you.
Your kobold struggles to resist.
Your kobold hits Grinder but does no damage.
Your kobold hits Grinder with a +0 dagger.
Grinder hits your kobold but does no damage.
Your kobold closely misses Grinder.
Your kobold closely misses Grinder.
Grinder says, "Wait up."
You hit Grinder.
Grinder is moderately wounded.
You feel less wooden.
Your +2 pair of gloves unmelds from your body.
Your +0 chain mail unmelds from your body.
Grinder says, "Are you a fish?" Grinder hits you.
* * * LOW HITPOINT WARNING * * *
You writhe in agony.
* * * LOW HITPOINT WARNING * * *
You closely miss Grinder. You bite Grinder, but do no damage.
Grinder is moderately wounded.
Your kobold hits Grinder but does no damage.
Grinder hits you.
You die...

#...........)
###...........
#....#########
#.#..##
###.#...#
#...w.#..# ∆
#.##K###.#
##.##5# ...
#..##@# ##..
#.###r# #..
##.# #.# #.
##..# #.#
###..## ..#
#...## .##
#####.### #. #
##.....# #.
###..##### #.


You could see Grinder (ally target), a friendly worm (summoned), a friendly
quokka (summoned) and a friendly kobold (summoned).

Vanquished Creatures
  An adder (D:2)
  A worm (D:2)
  A dart slug (D:2)
  5 orcs
  8 bats
  2 endoplasms
  5 goblins
  6 hobgoblins
  5 quokkas
  3 ball pythons
  6 frilled lizards
  5 rats
48 creatures vanquished.

Notes
Turn   | Place    | Note
-------+----------+-------------------------------------------
     0 | D:1      | fantasyman the Gnoll Fighter began the quest for the Orb.
     0 | D:1      | Reached XP level 1. HP: 23/23 MP: 1/1
   295 | D:1      | Reached XP level 2. HP: 29/29 MP: 2/2
  1611 | D:2      | Reached XP level 3. HP: 35/35 MP: 3/3
  1641 | D:2      | Found Roxen Gumi's General Store.
  1726 | D:2      | Reached skill level 1 in Invocations
  1903 | D:2      | Reached skill level 1 in Short Blades
  1903 | D:2      | Reached skill level 1 in Long Blades
  1903 | D:2      | Reached skill level 1 in Maces & Flails
  1903 | D:2      | Reached skill level 1 in Polearms
  1903 | D:2      | Reached skill level 1 in Staves
  1903 | D:2      | Reached skill level 1 in Ranged Weapons
  1903 | D:2      | Reached skill level 1 in Throwing
  1903 | D:2      | Reached skill level 1 in Dodging
  1903 | D:2      | Reached skill level 1 in Stealth
  1903 | D:2      | Reached skill level 1 in Unarmed Combat
  1903 | D:2      | Reached skill level 1 in Spellcasting
  1903 | D:2      | Reached skill level 1 in Evocations
  2062 | D:2      | Reached XP level 4. HP: 41/41 MP: 5/5
  2298 | D:3      | Found Upett's Antique Weapon Shop.
  2428 | D:3      | Noticed Grinder
  2460 | D:3      | Paralysed by Grinder for 5 turns
  2469 | D:3      | Paralysed by Grinder for 4 turns
  2475 | D:3      | Paralysed by Grinder for 5 turns
  2506 | D:3      | Slain by Grinder

Illustrated notes

Levels and vault maps discovered:
D:1:      psy_arrival_wood_between_worlds, layout_basic
D:2:      layout_loops_cross, serial_shops, nicolae_diamond_shop,
          minmay_randomly_rotated_circles
D:3:      layout_rooms, ebering_ghost_sewer_d, serial_shops,
          nicolae_diamond_shop, shop, nicolae_shop_hallway_plus, shop,
          uniq_grinder

Skill      XL: |  1  2  3 |
---------------+----------+-----
Invocations    | 1 |  1.2
Short Blades   | 1 |  1.1
Long Blades    | 1 |  1.1
Maces & Flails | 1 |  1.1
Polearms       | 1 |  1.1
Staves         | 1 |  1.1
Ranged Weapons | 1 |  1.1
Throwing       | 1 |  1.1
Dodging        | 1 |  1.1
Stealth        | 1 |  1.1
Unarmed Combat | 1 |  1.1
Spellcasting   | 1 |  1.1
Evocations     | 1 |  1.1
Fighting       | |  6.6
Axes           | |  4.6
Armour         | |  6.6
Shields        | |  6.6
Conjurations   | |  0.8
Hexes          | |  0.8
Summonings     | |  0.8
Necromancy     | |  0.8
Translocations | |  0.8
Transmutations | |  0.8
Fire Magic     | |  0.8
Ice Magic      | |  0.8
Air Magic      | |  0.8
Earth Magic    | |  0.8
Poison Magic   | |  0.8

Action                   |  1- 3 |  4- 6 || total
-------------------------+-------+-------++-------
Melee: War axe           |   118 |    50 ||   168
       Bite              |     9 |     4 ||    13
  Use: Scroll            |     5 |     2 ||     7
       Potion            |       |     4 ||     4
Armor: Scale mail        |    27 |       ||    27
       Chain mail        |    47 |    18 ||    65
       Skin              |       |    14 ||    14
Dodge: Dodged            |    47 |    17 ||    64
Block: Buckler           |    32 |    16 ||    48
